 Dungeon Crawl Stone Soup version 0.30-a0-469-g84de5afbc5 (webtiles) character file.

Game seed: 6153998330864216782

509 timneilson the Covered (level 7, -11/43 HPs)
             Began as a Gargoyle Fighter on Dec 19, 2022.
             Mangled by an ogre
             ... wielding a +0 giant club
              (21 damage)
             ... on level 5 of the Dungeon.
             The game lasted 00:06:28 (3466 turns).

timneilson the Covered (Gargoyle Fighter)           Turns: 3466, Time: 00:06:29

Health: -11/43     AC: 14    Str: 21    XL:     7   Next: 19%
Magic:  7/7        EV:  8    Int:  9    God:
Gold:   232        SH:  5    Dex:  9    Spells: 6/6 levels left

rFire   . . .      SeeInvis .    a - +1 long sword
rCold   . . .      Faith    .    c - +1 buckler
rNeg    + . .      Spirit   .    f - +0 chain mail
rPois   ∞          Reflect  .    (no helmet)
rElec   +          Harm     .    (no cloak)
rCorr   .          Rampage  .    (no gloves)
Will    .....                    (no boots)
Stlth   ..........               (no amulet)
HPRegen 0.27/turn                (no ring)
MPRegen 0.10/turn                (no ring)

@: no status effects
A: sickness immunity, AC +4, negative energy resistance 1, electricity
resistance, torment resistance 1, petrification resistance
a: no special abilities


You were on level 5 of the Dungeon.
You visited 1 branch of the dungeon, and saw 5 of its levels.

You collected 232 gold pieces.

Inventory:

Hand Weapons
 a - a +1 long sword (weapon)
Missiles
 n - a throwing net (quivered)
Armour
 c - a +1 buckler (worn)
 f - a +0 chain mail (worn)
 r - a +0 pair of boots
Jewellery
 k - a ring of ice
 o - a ring of fire
Scrolls
 e - 2 scrolls of teleportation
 h - 2 scrolls of enchant weapon
 i - a scroll of poison {unknown}
 m - a scroll of enchant armour
 q - a scroll of vulnerability {unknown}
Potions
 b - 2 potions of mutation {unknown}
 d - a potion of resistance {unknown}
 g - 3 potions of curing
 j - 2 potions of cancellation {unknown}
 l - 2 potions of degeneration {unknown}
 p - a potion of brilliance {unknown}


   Skills:
 + Level 4.2 Fighting
 * Level 3.7 Long Blades
 * Level 5.2 Armour
 + Level 1.8 Dodging
 * Level 5.2 Shields


You had 6 spell levels left.
You didn't know any spells.
Your spell library contained the following spells:

 Spells                   Type           Power      Damage    Failure   Level
 Beastly Appendage        Tmut           0%         N/A       99%         1
 Magic Dart               Conj           0%         1d3       99%         1
 Slow                     Hex            0%         N/A       99%         1
 Searing Ray              Conj           0%         2d4       100%        2
 Wereblood                Tmut           0%         N/A       100%        2
 Confusing Touch          Hex            0%         N/A       100%        3
 Spider Form              Tmut/Pois      0%         N/A       100%        3
 Stone Arrow              Conj/Erth      0%         3d7       100%        3
 Vampiric Draining        Necr           0%         2d6       100%        3
 Animate Armour           Summ/Erth      0%         N/A       100%        4
 Fulminant Prism          Conj/Hex       0%         3d5       100%        4
 Lehudib's Crystal Spear  Conj/Erth      0%         10d2      100%        8


Dungeon Overview and Level Annotations

Branches:
Dungeon (5/15)
 Temple: D:4-7

Altars:

Annotations:
D:3 3 runed translucent doors, CornPuffBuddha's ghost, amateur HOFi


Innate Abilities, Weirdness & Mutations

You are immune to sickness and miasma.
Your stone body is resilient. (AC +4)
You are immune to poison.
You resist negative energy. (rN+)
You are resistant to electric shocks. (rElec)
You are resistant to unholy torment.
You are immune to petrification.


Message History

Done exploring.
Done exploring.
As you read the scroll labelled VIEFAH HYPU, it crumbles to dust.
It is a scroll of amnesia.
You feel forgetful for a moment.
As you read the scroll labelled LUTWAC ZOMU, it crumbles to dust.
You hear a loud clanging noise!
It was a scroll of noise.
Okay, then.
Done exploring.
There is a stone staircase leading down here.
You climb downwards.
Found a scroll labelled ENAONNUSEW and a scroll labelled KUSHRA JIOPSY.
There is a stone staircase leading up here.
Found a stone staircase leading down.
Found a trident.
i - a scroll labelled ENAONNUSEW
Found an escape hatch in the floor.
q - a scroll labelled KUSHRA JIOPSY An ogre comes into view.
It is wielding a +0 giant club.
Found 4 stones.
Found an amethyst potion.
Found 5 gold pieces.
Found a stone staircase leading down.
The ogre hits you with a +0 giant club!
You hit the ogre.
The ogre is lightly wounded.
You completely miss the ogre.
The ogre is lightly wounded.
The ogre hits you with a +0 giant club!
You hit the ogre.
The ogre is lightly wounded.
You block the ogre's attack.
You hit the ogre.
The ogre is moderately wounded.
The ogre hits you with a +0 giant club!
* * * LOW HITPOINT WARNING * * *
You hit the ogre.
The ogre is moderately wounded.
The ogre hits you with a +0 giant club!!
You die...

..# ######..##
#.......>#
###........#.
#...........
#........... $
#.....#.# ..>
#.....).##.....
#####....>.@O..#
#..............(...
#<.................
#..................
#..................
#..................
#..............!...
#######............
.......


You could see an ogre.

Vanquished Creatures
  Sigmund (D:4)
  Blork the orc (D:4)
  2 scorpions (D:4)
  A crimson imp (D:4)
  5 adders
  A white imp (D:4)
  An ufetubus (D:4)
  2 worms
  A dart slug (D:4)
  5 orcs (D:3)
  11 ball pythons
  5 endoplasms
  4 goblins
  2 hobgoblins
  2 jackals
  2 quokkas
  5 bats
  4 giant cockroaches
  10 kobolds
  3 rats
68 creatures vanquished.

Notes
Turn   | Place    | Note
-------+----------+-------------------------------------------
     0 | D:1      | timneilson the Gargoyle Fighter began the quest for the
                  | Orb.
     0 | D:1      | Reached XP level 1. HP: 14/14 MP: 1/1
   230 | D:1      | Reached XP level 2. HP: 19/19 MP: 2/2
   280 | D:1      | Found a faded altar of an unknown god.
   764 | D:2      | Reached XP level 3. HP: 23/23 MP: 3/3
  1705 | D:3      | Reached XP level 4. HP: 28/28 MP: 4/4
  1889 | D:3      | Found a runed translucent gate.
  1890 | D:3      | Found a runed translucent gate.
  1891 | D:3      | Found a runed translucent gate.
  1893 | D:3      | Noticed CornPuffBuddha's ghost (amateur HOFi)
  2329 | D:4      | Noticed Blork the orc
  2341 | D:4      | HP: 1/28 [Blork the orc/+3 mace of protection (7)]
  2350 | D:4      | Killed Blork the orc
  2351 | D:4      | Reached skill level 1 in Dodging
  2351 | D:4      | Reached XP level 5. HP: 7/33 MP: 5/5
  2470 | D:4      | Noticed Sigmund
  2496 | D:4      | Killed Sigmund
  2497 | D:4      | Reached XP level 6. HP: 7/38 MP: 6/6
  2741 | D:4      | Reached skill level 5 in Armour
  2741 | D:4      | Reached skill level 5 in Shields
  2987 | D:4      | Reached XP level 7. HP: 36/43 MP: 7/7
  3448 | D:5      | Entered Level 5 of the Dungeon
  3466 | D:5      | Mangled by an ogre

Illustrated notes

Levels and vault maps discovered:
D:1:      dpeg_cavernosity, layout_basic, ebering_ecumenical_altar_petrified
D:2:      layout_loops_ring, hangedman_decor_clover_reticule,
          minmay_small_reverse_x
D:3:      layout_basic, gammafunk_ghost_necromancy
D:4:      layout_loops_ring, minmay_fire_ice_demons, uniq_sigmund,
          uniq_blork_the_orc
D:5:      layout_rooms, nicolae_uskayaw_murder_on_the_dancefloor,
          lexackson_kobold_supper

Skill      XL: |  1  2  3  4  5  6 |
---------------+-------------------+-----
Long Blades    | 2 3 |  3.7
Armour         | 4 5 |  5.2
Shields        | 4 5 |  5.2
Dodging        | 1 |  1.8
Fighting       | 4 |  4.2

Action                   |  1- 3 |  4- 6 |  7- 9 || total
-------------------------+-------+-------+-------++-------
Melee: Long sword        |   141 |   150 |    46 ||   337
  Use: Scroll            |     2 |     5 |     2 ||     9
       Potion            |       |     5 |       ||     5
Armor: Scale mail        |    13 |       |       ||    13
       Chain mail        |    80 |    94 |    35 ||   209
Dodge: Dodged            |    48 |    42 |    10 ||   100
Block: Buckler           |    33 |    33 |    11 ||    77

Table legend: (Time is in decaauts)
 A = Elapsed time spent in this place.
 B = Non-inter-level travel time spent in this place.
 C = Inter-level travel time spent in this place.
 D = Time resting spent in this place.
 E = Time spent auto-exploring this place.
 F = Levels seen in this place.
 G = Mean time per level.
                   A        B        C        D        E       F      G
               +--------+--------+--------+--------+--------+-----+--------+
         Total |   3568 |   3453 |    115 |      0 |   2708 |   5 |  713.6 |
       Dungeon |   3568 |   3453 |    115 |      0 |   2708 |   5 |  713.6 |
               +--------+--------+--------+--------+--------+-----+--------+

Top non-repeatable levels by time:
     D:4: 1168 daAuts
     D:3: 910 daAuts
     D:2: 740 daAuts
     D:1: 730 daAuts
     D:5: 18 daAuts
